 Dungeon Crawl Stone Soup version 0.28.0-47-ge53b351184 (webtiles) character file.

Game seed: 3461423279585122683

7981 KamiKatze the Destroyer (level 11, -32/61 HPs)
             Began as an Octopode Conjurer on Apr 30, 2022.
             Was a Believer of Vehumet.
             Hit by a large rock thrown by a cyclops (49 damage)
             ... on level 1 of the Orcish Mines.
             The game lasted 01:06:07 (15520 turns).

KamiKatze the Destroyer (Octopode Conjurer)        Turns: 15520, Time: 01:06:08

Health: -32/61     AC:  1    Str:  7    XL:     11   Next: 23%
Magic:  12/23      EV: 14    Int: 25    God:    Vehumet [**....]
Gold:   643        SH:  0    Dex: 16    Spells: 10/26 levels left

rFire   . . .      SeeInvis +   a - +4 hand axe
rCold   + . .      Faith    .   (no shield)
rNeg    . . .      Spirit   .   (helmet restricted)
rPois   +          Reflect  .   (no amulet)
rElec   .          Harm     .   b - ring of poison resistance
rCorr   .          Rampage  .   d - ring of see invisible
Will    .....                   e - ring of protection from cold
Stlth   +++.......              t - +6 ring of dexterity
HPRegen 0.20/turn               (no ring)
MPRegen 0.18/turn               (no ring)
                                (no ring)
                                (no ring)

@: no status effects
A: almost no armour, amphibious, 8 rings, camouflage 1, gelatinous body 1,
(nimble swimmer 1), tentacles
a: Renounce Religion


You were on level 1 of the Orcish Mines.
You worshipped Vehumet.
Vehumet was pleased with you.
You visited 4 branches of the dungeon, and saw 14 of its levels.
You also visited: Sewer.

You collected 643 gold pieces.

Inventory:

Hand Weapons
 a - a +4 hand axe (weapon)
Missiles
 f - 140 stones
 z - 5 poisoned darts
Armour
 p - a +0 buckler
Magical Staves
 m - a staff of fire
 x - a staff of death
 y - a staff of cold
Jewellery
 b - a ring of poison resistance (left tentacle)
 d - a ring of see invisible (right tentacle)
 e - a ring of protection from cold (on tentacle)
 t - a +6 ring of dexterity (on tentacle)
 G - a ring of ice
Wands
 w - a wand of charming (9)
 H - a wand of polymorph (3)
Scrolls
 c - 6 scrolls of identify
 g - a scroll of noise {unknown}
 i - 4 scrolls of teleportation
 j - 3 scrolls of vulnerability {unknown}
 o - 2 scrolls of blinking
 u - 3 scrolls of fog {unknown}
 v - 2 scrolls of enchant weapon {unknown}
 A - a scroll of magic mapping {unknown}
 B - 2 scrolls of amnesia {unknown}
 D - a scroll of fear {unknown}
 E - a scroll of summoning {unknown}
 F - a scroll of immolation {unknown}
Potions
 h - 2 potions of lignification
 k - a potion of resistance
 l - a potion of flight
 n - a potion of curing
 r - a potion of attraction
 s - a potion of heal wounds
 C - a potion of haste
Miscellaneous
 q - a lightning rod (4/4)


   Skills:
 - Level 3.0 Dodging
 - Level 3.0 Stealth
 * Level 8.0 Spellcasting
 * Level 9.5 Conjurations
 + Level 7.2 Hexes
 + Level 7.4 Translocations
 * Level 5.6 Earth Magic


You had 10 spell levels left.
You knew the following spells:

 Your Spells              Type           Power      Damage    Failure   Level
a - Magic Dart            Conj           100%       1d8       1%          1
b - Searing Ray           Conj           100%       2d8       1%          2
c - Fulminant Prism       Conj/Hex       25%        3d14      1%          4
d - Iskenderun's Mystic   Conj/Tloc      51%        2d11      1%          4
e - Lee's Rapid Deconstr  Erth           19%        3d12*     17%         5

Your spell library contained the following spells:

 Spells                   Type           Power      Damage    Failure   Level
 Freeze                   Ice            40%        1d6       6%          1
 Sandblast                Erth           76%        2d16      1%          1
 Slow                     Hex            100%       N/A       1%          1
 Ensorcelled Hibernation  Hex/Ice        56%        N/A       1%          2
 Static Discharge         Conj/Air       33%        N/A       1%          2
 Confusing Touch          Hex            46%        N/A       1%          3
 Dazzling Flash           Conj/Hex       100%       N/A       1%          3
 Portal Projectile        Hex/Tloc       92%        N/A       1%          3
 Stone Arrow              Conj/Erth      94%        3d12      1%          3
 Passwall                 Tmut/Erth      20%        N/A       3%          2
 Summon Guardian Golem    Hex/Summ       28%        N/A       4%          3
 Leda's Liquefaction      Hex/Erth       21%        N/A       4%          4
 Summon Small Mammal      Summ           40%        N/A       6%          1
 Call Canine Familiar     Summ           10%        N/A       19%         3
 Swiftness                Air            10%        N/A       19%         3
 Vampiric Draining        Necr           10%        2d6       19%         3
 Lightning Bolt           Conj/Air       16%        1d30      24%         5
 Dispersal                Tloc           23%        N/A       41%         6
 Statue Form              Tmut/Erth      16%        N/A       96%         6
 Disjunction              Tloc           23%        N/A       100%        8
 Maxwell's Capacitive Co  Air            5%         ∞         100%        8


Dungeon Overview and Level Annotations

Branches:
Dungeon (11/15)            Temple (1/1) D:7            Lair (1/6) D:9
    Orc (1/2) D:10          Sewer (visited)

Altars:
Ashenzari
Cheibriados
Dithmenos
Elyvilon
Fedhas
Gozag
Hepliaklqana
Kikubaaqudgha
Makhleb
Nemelex Xobeh
Okawaru
Qazlal
Ru
Sif Muna
Trog
Uskayaw
Vehumet
Wu Jian
Xom
Yredelemnul
Zin
The Shining One

Annotations:
D:11 exclusion: cyclops
Lair:1 3 runed translucent doors, jaiteiro's ghost, journeyman MfIE


Innate Abilities, Weirdness & Mutations

You cannot wear most types of armour.
You are amphibious.
You can wear up to eight rings at the same time.
Your skin changes colour to match your surroundings (Stealth+).
Your rubbery body absorbs attacks. (AC +1, EV +1)
((You are camouflaged when in or above water. (Stealth+)))
You have tentacles for arms and can constrict up to eight enemies at once.


Message History

There is a staircase back to the Dungeon, spattered with blood here.
Unknown command.
Casting: Fulminant Prism (dangerous; 1% risk of failure)
Confirm with . or Enter, or press ? or * to list all spells.
You erupt in a blast of force!
The mystic blast hits the orc warrior!
The orc warrior is moderately wounded.
The orc warrior is knocked back by the mystic blast.
The mystic blast hits the ogre!
The ogre is heavily wounded.
The ogre is knocked back by the mystic blast.
The orc shouts!
You hear a shout!
Unknown command.
Casting: Iskenderun's Mystic Blast (dangerous; 1% risk of failure)
Confirm with . or Enter, or press ? or * to list all spells.
Aiming: Fulminant Prism (dangerous; 1% risk of failure)
Press: ? - help, Dir - move target You conjure a prism of explosive energy!
A fulminant prism comes into view.
The cyclops throws a large rock.
The large rock hits your fulminant prism!!
Your fulminant prism detonates feebly.
Casting: Fulminant Prism (dangerous; 1% risk of failure)
Confirm with . or Enter, or press ? or * to list all spells.
You erupt in a blast of force!
The mystic blast hits the orc warrior!
The orc warrior is heavily wounded.
The orc warrior is knocked back by the mystic blast.
The mystic blast hits the ogre!
You kill the ogre!
Vehumet accepts your kill.
The mystic blast hits the orc!
You kill the orc!
Vehumet accepts your kill.
You feel your power returning.
The cyclops throws a large rock.
The large rock hits you!!!
Ouch! That really hurt!
* * * LOW HITPOINT WARNING * * *
Unknown command.
The cyclops throws a large rock.
The large rock hits you!!!
Ouch! That really hurt!
You die...

.. .........#
... ........###
..............#
....#C.........
....o#.........
............##.
.....o.........
......o@)...#
......[[..###
#.........#
###...)..##
###..[## #....
##$.. ###.


You could see a cyclops, an orc warrior and 2 orcs.

Vanquished Creatures
  An unseen horror (D:9)
  A troll (D:10)
  A hornet (D:9)
  Sigmund (D:5)
  3 shadows (D:10)
  4 yaks
  6 wyverns
  3 steam dragons
  Menkaure (D:5)
  A two-headed ogre zombie (D:10)
  Edmund (D:5)
  6 water moccasins
  4 orc warriors
  An ice beast (D:8)
  A sky beast (D:7)
  A hornet zombie (D:6)
  3 black bears
  2 ogres
  2 wolves
  A phantom (D:10)
  A centaur (D:10)
  5 bullfrogs
  2 scorpions
  16 wights
  A troll zombie (D:10)
  2 vampire bats (D:10)
  2 howler monkeys
  5 orc priests
  A centaur zombie (D:7)
  4 jellies
  2 bullfrog skeletons
  5 hounds
  2 centaur skeletons (D:7)
  4 iguanas
  2 orc wizards
  Natasha (thrice) (D:2)
  6 ogre zombies (D:10)
  Robin (D:2)
  3 gnolls (D:7)
  9 adders
  2 shadow imps
  A white imp (D:5)
  3 dart slugs
  2 worms
  28 orcs
  18 endoplasms
  14 giant cockroaches
  9 goblins
  7 hobgoblins
  7 jackals
  4 kobolds
  16 quokkas
  15 ball pythons
  10 bats
  8 frilled lizards
  A goblin skeleton (D:10)
  2 goblin zombies (D:10)
  3 hobgoblin skeletons (D:10)
  2 hobgoblin zombies (D:10)
  2 orc skeletons (D:10)
  15 orc zombies (D:10)
  4 rats
  A spectral orc (D:6)
294 creatures vanquished.

Vanquished Creatures (others)
  122 fulminant prisms
  4 fungi (D:9)
  20 plants
146 creatures vanquished.

Grand Total: 440 creatures vanquished

Notes
Turn   | Place    | Note
-------+----------+-------------------------------------------
     0 | D:1      | KamiKatze the Octopode Conjurer began the quest for the
                  | Orb.
     0 | D:1      | Reached XP level 1. HP: 11/11 MP: 3/3
   167 | D:1      | Found a faded altar of an unknown god.
   284 | D:1      | Reached XP level 2. HP: 16/17 MP: 0/5
   288 | D:1      | Learned a level 2 spell: Searing Ray
   620 | D:1      | Reached skill level 1 in Translocations
   675 | D:2      | Found a glowing golden altar of the Shining One.
   719 | D:2      | Reached XP level 3. HP: 21/21 MP: 4/6
   772 | D:2      | Reached skill level 1 in Hexes
  1160 | D:2      | Noticed Robin
  1183 | D:2      | Reached XP level 4. HP: 27/27 MP: 4/7
  1234 | D:2      | Killed Robin
  1270 | D:2      | Noticed Natasha
  1286 | D:2      | Killed Natasha
  1307 | D:2      | Noticed Natasha
  1491 | D:2      | Killed Natasha
  1492 | D:2      | Reached XP level 5. HP: 24/31 MP: 3/9
  1583 | D:2      | Noticed Natasha
  1591 | D:2      | Killed Natasha
  2834 | D:4      | Found a glowing drain.
  2855 | D:4      | Reached XP level 6. HP: 35/36 MP: 10/10
  2861 | D:4      | Learned a level 4 spell: Fulminant Prism
  2866 | D:4      | Learned a level 4 spell: Iskenderun's Mystic Blast
  2879 | Sewer    | Entered a sewer
  3456 | Sewer    | Reached skill level 5 in Conjurations
  4147 | D:4      | Reached XP level 7. HP: 41/41 MP: 9/12
  4417 | D:5      | Entered Level 5 of the Dungeon
  4569 | D:5      | Noticed Menkaure
  5382 | D:5      | Noticed Edmund
  5411 | D:5      | Found a burning altar of Makhleb.
  5661 | D:5      | Reached XP level 8. HP: 24/46 MP: 3/14
  5845 | D:5      | Noticed Sigmund
  6135 | D:6      | Reached skill level 6 in Conjurations
  6629 | D:6      | Found a hide-covered altar of Uskayaw.
  6636 | D:6      | Found an ancient bone altar of Kikubaaqudgha.
  7336 | D:6      | Reached skill level 5 in Spellcasting
  7508 | D:6      | Reached skill level 5 in Translocations
  7682 | D:6      | Found a basalt altar of Yredelemnul.
  7887 | D:7      | Reached skill level 5 in Hexes
  8034 | D:7      | Reached XP level 9. HP: 51/51 MP: 7/16
  8375 | D:7      | Found a staircase to the Ecumenical Temple.
  8384 | Temple   | Entered the Ecumenical Temple
  8437 | Temple   | Became a worshipper of Vehumet
  8489 | D:7      | Reached skill level 7 in Conjurations
  8985 | D:5      | Killed Menkaure
  9121 | D:5      | Killed Sigmund
  9280 | D:5      | Killed Edmund
  9646 | D:8      | Learned a level 5 spell: Lee's Rapid Deconstruction
  9771 | D:8      | Reached skill level 1 in Earth Magic
 10442 | D:8      | Reached XP level 10. HP: 37/56 MP: 11/19
 10544 | D:8      | Reached skill level 8 in Conjurations
 10765 | D:9      | Reached * piety under Vehumet
 10765 | D:9      | Offered knowledge of Shock by Vehumet.
 11032 | D:9      | Found an iron altar of Okawaru.
 11446 | D:9      | Found a bloodstained altar of Trog.
 11484 | D:9      | Identified the +1 leather armour of Esitru {rN++}
 12425 | D:9      | Found a staircase to the Lair.
 12448 | D:9      | Identified the +3 falchion of Distant Shores {flame, *Rage
                  | rC+ rN+ Dex+3}
 12765 | Lair:1   | Entered Level 1 of the Lair of Beasts
 12765 | Lair:1   | Noticed jaiteiro's ghost (journeyman MfIE)
 12765 | Lair:1   | Noticed a 12-headed hydra
 12765 | Lair:1   | Found a runed translucent gate.
 12765 | Lair:1   | Found a runed translucent gate.
 12765 | Lair:1   | Found a runed translucent gate.
 12792 | Lair:1   | Noticed an eight-headed hydra
 12907 | D:10     | Entered Level 10 of the Dungeon
 12915 | D:10     | Reached skill level 9 in Conjurations
 13650 | D:10     | Reached skill level 5 in Earth Magic
 13650 | D:10     | Reached XP level 11. HP: 61/61 MP: 18/22
 14252 | D:10     | Offered knowledge of Freeze by Vehumet.
 14301 | D:10     | Reached ** piety under Vehumet
 14826 | D:10     | Found a staircase to the Orcish Mines.
 15155 | D:10     | Found a hazy altar of Hepliaklqana.
 15200 | D:11     | Noticed a cyclops
 15277 | Orc:1    | Entered Level 1 of the Orcish Mines
 15277 | Orc:1    | Noticed a cyclops
 15520 | Orc:1    | Hit by a large rock thrown by a cyclops

Illustrated notes

Levels and vault maps discovered:
D:1:      elethiomel_arrival_maze, layout_rooms,
          chequers_ecumenical_altar_simple
D:2:      layout_loops_ring, serial_aquarium, aquarium_bridge_straight
          [aquarium_subvault_bridge, aquarium_subvault_window,
          aquarium_subvault_bridge, aquarium_subvault_window],
          aquarium_bridge_island_small [aquarium_subvault_small_open,
          aquarium_subvault_window, aquarium_subvault_bridge,
          aquarium_subvault_bridge, aquarium_subvault_balcony],
          aquarium_window_2, aquarium_window_1, aquarium_window_1,
          aquarium_view_2e, aquarium_balcony_3a, basic_altar, uniq_robin,
          uniq_natasha
D:3:      layout_basic
D:4:      layout_gridville, portal_sewer_entry_f
D:5:      layout_loops_ring, makhleb_heckhound_becter, sigmund_edmund_badplayer,
          uniq_menkaure
D:6:      layout_cave_pools, yredelemnul_forgotten_temple_becter,
          mainiacjoe_overflow_big_doors, st_stairs_10, hangedman_glass_teeth,
          uniq_edmund
D:7:      layout_basic, minmay_temple_entry_antechambers
D:8:      layout_rooms
D:9:      layout_rooms, grunt_temple_overflow_bloody_war,
          minmay_lair_entry_grove, kennysheep_small_spiral, columned_hall_lemuel
D:10:     layout_cross, lemuel_coloured_pillars_altar, zombieorc2_lemuel,
          roderic_batcave, kennysheep_generic_room_11
D:11:     layout_basic, minmay_liquid_box, uniq_psyche
Temple:   eino_wide_crystal_templ
Lair:1:   layout_roguey, gammafunk_ghost_hydra_chop, grunt_megastairs_3,
          uniq_erica
Orc:1:    layout_caves, serial_shops, shop, nicolae_orc_lost_temple

Skill      XL: |  1  2  3  4  5  6  7  8  9 10 11 |
---------------+----------------------------------+-----
Translocations | 1 2 3 4 5 6 7 |  7.4
Stealth        | 3 |  3.0
Hexes          | 1 2 3 4 5 6 7 |  7.2
Spellcasting   | 3 4 5 6 7 8 |  8.0
Conjurations   | 5 6 7 9 |  9.5
Dodging        | 3 |  3.0
Earth Magic    | 2 5 |  5.6

Action                   |  1- 3 |  4- 6 |  7- 9 | 10-12 || total
-------------------------+-------+-------+-------+-------++-------
Melee: Unarmed           |     2 |       |       |       ||     2
       Constrict         |     1 |     4 |     5 |     2 ||    12
       Hand axe          |     6 |    24 |    21 |    12 ||    63
       Tentacles         |       |     3 |     4 |     4 ||    11
       Punch             |       |       |     1 |       ||     1
 Cast: Magic Dart        |    59 |   110 |    76 |    13 ||   258
       Searing Ray       |     3 |    13 |    42 |     8 ||    66
       Fulminant Prism   |       |       |    35 |    88 ||   123
       Iskenderun's Myst |       |       |     5 |    40 ||    45
  Use: Scroll            |       |       |     7 |     1 ||     8
       Potion            |       |       |       |     1 ||     1
 Stab: Sleeping          |       |     2 |       |       ||     2
Armor: Skin              |     1 |     4 |     2 |     2 ||     9
Dodge: Dodged            |     5 |    25 |    59 |    49 ||   138
